 Dungeon Crawl Stone Soup version 0.31.0-11-ge490571c62 (webtiles) character file.

Game seed: 13074715076249920998

178 qw the Skirmisher (level 5, -1/29 HPs)
             Began as a Deep Elf Hunter on Feb 4, 2024.
             Slain by a bombardier beetle (2 damage)
             ... on level 3 of the Dungeon.
             The game lasted 00:00:06 (1775 turns).

qw the Skirmisher (Deep Elf Hunter)                 Turns: 1775, Time: 00:00:06

Health: -1/29      AC:  8    Str: 10    XL:     5   Next: 32%
Magic:  0/7        EV: 11    Int: 14    God:
Gold:   163        SH:  0    Dex: 18    Spells: 4/4 levels left

rFire   . . .        b - +0 hand cannon (freeze)
rCold   . . .        (no shield)
rNeg    . . .        k - +0 ring mail
rPois   +            (no helmet)
rElec   .            a - +2 cloak {rPois}
rCorr   .            (no gloves)
SInv    .            (no boots)
Will    .....        l - amulet of guardian spirit
Stlth   +            (no ring)
HPRegen 0.24/turn    (no ring)
MPRegen 0.10/turn

%: guardian spirit
@: on fire, glowing
A: no striking features
a: no special abilities


You were on level 3 of the Dungeon.
You visited 1 branch of the dungeon, and saw 3 of its levels.

You collected 163 gold pieces.


   Skills:
 - Level 1.5 Fighting
 + Level 8.8 Ranged Weapons
 - Level 2.4 Dodging
 - Level 1.2 Stealth


You had 4 spell levels left.
You didn't know any spells.
Your spell library was empty.

Inventory:

Hand Weapons
 b - a +0 hand cannon of freezing (weapon)
Armour
 a - a +2 cloak of poison resistance (worn)
 k - a +0 ring mail (worn)
Jewellery
 i - a ring of fire
 l - an amulet of guardian spirit (around neck)
Scrolls
 e - 2 scrolls of identify
Potions
 c - a potion of enlightenment {unknown}
 d - a potion of might
 f - a potion of resistance
 g - a potion of heal wounds {unknown}
 h - a potion of mutation
 j - a potion of curing

Dungeon Overview and Level Annotations

Branches:
Dungeon (3/15)

Altars:
Zin


Message History

The endoplasm hits you but does no damage. x2
You shoot a bolt.
The bolt hits the orc but does no damage.
The orc hits you but does no damage. The endoplasm freezes you.
You are frozen.
You shoot a bolt. The bolt hits the orc!
The bolt freezes the orc.
You kill the orc!
The orc closely misses you. The endoplasm completely misses you.
The orc closely misses you. The endoplasm freezes you.
You are frozen.
You shoot a bolt. The bolt hits the orc!!
The bolt freezes the orc.
You kill the orc!
The endoplasm hits you.
You shoot a bolt. The bolt hits the endoplasm.
The bolt freezes the endoplasm.
The endoplasm is almost dead.
The endoplasm hits you but does no damage. x2
A bombardier beetle comes into view.
You shoot a bolt. The bolt hits the endoplasm!
The bolt freezes the endoplasm.
You kill the endoplasm!
1765 ||| FLEEEEING.
Things that are here:
a +0 flail; a +0 mace
1766 ||| FLEEEEING.
You start resting.
A bombardier beetle is nearby!
You shoot a bolt. The bolt hits the bombardier beetle!
The bolt freezes the bombardier beetle.
The bombardier beetle is almost dead.
You shoot a bolt.
The bolt closely misses the bombardier beetle.
The bombardier beetle sprays incendiary fluid at you.
The burning spray hits you.
You are covered in liquid fire!
You shoot a bolt.
The bolt barely misses the bombardier beetle.
The liquid fire burns you! The bombardier beetle bites you.
You die...

##......## ..# .#
#....##.## #B# ##.
.>##.....## #.##..
####...# #.!.. #.#.#
#####... #### #.#..
.!..). ...### #.###
#.)#######...# ##.# #
#..B@0.(.###?###..###
##.#####.......#.##..
#.# #######.......
#.# #...%.## #.#
#.....## ### #.....#
#.....# #.....#
#.....#


You could see a bombardier beetle.

Vanquished Creatures
  2 orc priests (D:3)
  An orc wizard (D:3)
  2 adders
  2 ribbon worms
  6 orcs (D:3)
  4 bats
  10 endoplasms
  4 goblins
  6 hobgoblins
  7 jackals
  2 kobolds
  2 quokkas (D:2)
  5 ball pythons
  5 frilled lizards
  6 rats
64 creatures vanquished.

Notes
Turn   | Place    | Note
-------+----------+-------------------------------------------
     0 | D:1      | qw the Deep Elf Hunter began the quest for the Orb.
     0 | D:1      | Reached XP level 1. HP: 12/12 MP: 3/3
     0 | D:1      | 0 ||| qw: Version: 0.3-a-160-g6735b56
     0 | D:1      | 0 ||| qw: Game counter: 5253
     0 | D:1      | 0 ||| qw: Melee chars always use a shield: true
     0 | D:1      | 0 ||| qw: God list: Okawaru
     0 | D:1      | 0 ||| qw: Allow faded altars: false
     0 | D:1      | 0 ||| qw: Do Orc after clearing Dungeon:15 true
     0 | D:1      | 0 ||| qw: Do second Lair branch before Depths: true
     0 | D:1      | 0 ||| qw: Lair rune preference: random
     0 | D:1      | 0 ||| qw: Goals: Normal
     0 | D:1      | 0 ||| PLANNING D:1-11
   173 | D:1      | Reached skill level 6 in Ranged Weapons
   173 | D:1      | Reached XP level 2. HP: 16/16 MP: 4/4
   567 | D:1      | Reached XP level 3. HP: 20/20 MP: 5/5
   781 | D:1      | 781 ||| UPGRADING to +0 ring mail.
   791 | D:1      | 791 ||| DROPPING +0 leather armour.
   792 | D:1      | 792 ||| READING 5 scrolls labelled KOHOPSESUT.
   792 | D:1      | 792 ||| IDENTIFYING fuming brown potion
   793 | D:1      | 793 ||| READING 4 scrolls of identify.
   793 | D:1      | 793 ||| IDENTIFYING lumpy sapphire potion
   794 | D:1      | 794 ||| READING 3 scrolls of identify.
   794 | D:1      | 794 ||| IDENTIFYING white potion
   795 | D:1      | 795 ||| READING 2 scrolls of identify.
   795 | D:1      | 795 ||| IDENTIFYING gluggy blue potion
   796 | D:1      | 796 ||| READING scroll of identify.
   796 | D:1      | 796 ||| IDENTIFYING 4 scrolls labelled LAVUUVYGEM
   797 | D:1      | 797 ||| DROPPING scroll of butterflies.
   798 | D:1      | 798 ||| DROPPING 4 scrolls of fear.
  1121 | D:2      | Reached skill level 7 in Ranged Weapons
  1458 | D:2      | Found a faded altar of an unknown god.
  1474 | D:2      | 1474 ||| UPGRADING to amulet of guardian spirit.
  1479 | D:2      | 1479 ||| READING 3 scrolls labelled FATRUA FYRUSERGH.
  1479 | D:2      | Identified 3 scrolls of acquirement
  1479 | D:2      | 1479 ||| ACQUIRING +1 heavy arbalest
  1479 | D:2      | Acquired a +1 heavy arbalest
  1481 | D:2      | 1481 ||| SWAPPING to +1 heavy arbalest.
  1482 | D:2      | 1482 ||| DROPPING +0 shortbow.
  1483 | D:2      | 1483 ||| READING 2 scrolls of acquirement.
  1483 | D:2      | 1483 ||| ACQUIRING +0 hand cannon of freezing
  1483 | D:2      | Acquired a +0 hand cannon of freezing
  1484 | D:2      | 1484 ||| READING scroll of acquirement.
  1484 | D:2      | 1484 ||| ACQUIRING +2 cloak of poison resistance
  1484 | D:2      | Acquired a +2 cloak of poison resistance
  1486 | D:2      | 1486 ||| SWAPPING to +0 hand cannon of freezing.
  1487 | D:2      | 1487 ||| DROPPING +1 heavy arbalest.
  1488 | D:2      | 1488 ||| UPGRADING to +2 cloak of poison resistance.
  1493 | D:2      | 1493 ||| READING scroll labelled ATHUWKANIO.
  1494 | D:2      | 1494 ||| READING scroll labelled YCIECLAI OFISO.
  1539 | D:3      | Found a glowing silver altar of Zin.
  1567 | D:3      | Reached XP level 4. HP: 25/25 MP: 6/6
  1597 | D:3      | Reached skill level 8 in Ranged Weapons
  1756 | D:3      | Reached XP level 5. HP: 14/29 MP: 3/7
  1760 | D:3      | HP: 7/29 [frozen (4)]
  1762 | D:3      | HP: 3/29 [endoplasm (1)]
  1765 | D:3      | 1765 ||| FLEEEEING.
  1766 | D:3      | 1766 ||| FLEEEEING.
  1775 | D:3      | HP: 1/29 [burnt (6)]
  1775 | D:3      | Slain by a bombardier beetle

Levels and vault maps discovered:
D:1:      dpeg_arrival_shrine, layout_loops_ring
D:2:      layout_basic, hellmonk_ecumenical_altar_leap_of_faith, serial_curves,
          eino_curves_04, eino_curves_02
D:3:      layout_rooms, lemuel_doored_altar, zin_scriptorium

Skill      XL: |  1  2  3  4 |
---------------+-------------+-----
Ranged Weapons | 6 7 8 |  8.8
Fighting       | |  1.5
Dodging        | |  2.4
Stealth        | |  1.2

Action                     |  1- 3 |  4- 6 || total
---------------------------+-------+-------++-------
   Fire: Shortbow          |   104 |       ||   104
         Hand cannon       |     5 |    29 ||    34
    Use: Scroll            |    10 |       ||    10
 Armour: Leather armour    |    10 |       ||    10
         Ring mail         |    37 |    21 ||    58
  Dodge: Dodged            |    45 |     9 ||    54

Table legend:
 A = Non-vault XP
 B = Vault XP
 C = Vault XP percentage of total XP
 D = Non-vault monster count
 E = Vault monster count
 F = Vault count percentage of total count
                 A         B        C        D         E       F
            +---------+---------+-------+---------+---------+-------
      Total |     255 |       0 |   0.0 |      64 |       0 |   0.0
            +---------+---------+-------+---------+---------+-------
        D:1 |      41 |       0 |   0.0 |      26 |       0 |   0.0
        D:2 |      49 |       0 |   0.0 |      20 |       0 |   0.0
        D:3 |     165 |       0 |   0.0 |      18 |       0 |   0.0
            +---------+---------+-------+---------+---------+-------
